 Dungeon Sprint DCSS version 0.30.0-29-ga12c61a403 (webtiles) character file.

Game seed: 17390973642902861151

6200000 boopmooplesden the Axe Maniac (level 23, -2/240 HPs)
             Began as a Minotaur Berserker on June 20, 2023.
             Was the Champion of Makhleb.
             Killed by the air
             ... invoked by a tyrant
              (38 damage)
             ... in the Dungeon (Sprint VIII: "Arena of Blood").
             The game lasted 00:03:15 (62 turns).

boopmooplesden the Axe Maniac (Minotaur Berserker)    Turns: 62, Time: 00:03:16

Health: -2/240     AC:  4    Str: 32    XL:     23   Next: 41%
Magic:  23/39      EV: 23    Int:  4    God:    Makhleb [******]
Gold:   0          SH:  0    Dex: 11    Spells: 44/44 levels left

rFire   . . .        i - +∞ Axe of Woe
rCold   . . .        (shield currently unavailable)
rNeg    . . .        b - +0 animal skin
rPois   .            (helmet restricted)
rElec   .            (no cloak)
rCorr   .            (no gloves)
SInv    +            (no boots)
Will    +....        (no amulet)
Stlth   +++++++++    h - ring of see invisible
HPRegen 0.60/turn    (no ring)
MPRegen 0.26/turn

%: no teleportation
@: no status effects
A: horns 2, retaliatory headbutt
a: Renounce Religion, Minor Destruction, Lesser Servant of Makhleb, Major
Destruction, Greater Servant of Makhleb


You were in the Dungeon.
You worshipped Makhleb.
Makhleb was exalted by your worship.
You visited 1 branch

Inventory:

Hand Weapons
 a - a +0 hand axe
 i - the +∞ Axe of Woe (weapon)
   (You found it in the Dungeon)
Armour
 b - a +0 animal skin (worn)
Jewellery
 h - a ring of see invisible (left hand)
Potions
 c - a potion of curing
 d - a potion of heal wounds
 e - a potion of haste
 f - 2 potions of magic
 g - a potion of berserk rage


   Skills:
 O Level 27 Fighting
 O Level 27 Short Blades
 O Level 27 Long Blades
 O Level 27 Axes
 O Level 27 Maces & Flails
 O Level 27 Polearms
 O Level 27 Staves
 O Level 27 Ranged Weapons
 O Level 27 Throwing
 O Level 27 Armour
 O Level 27 Dodging
 O Level 27 Stealth
 O Level 27 Shields
 O Level 27 Unarmed Combat
 * Level 11.1 Spellcasting
 O Level 27 Invocations
 O Level 27 Evocations


You had 44 spell levels left.
You didn't know any spells.
Your spell library was empty.

Dungeon Overview and Level Annotations

Branches:
Dungeon (1/1)

Altars:
Makhleb


Innate Abilities, Weirdness & Mutations

You have a pair of horns on your head.
You reflexively headbutt those who attack you in melee.


Message History

You are engulfed in blazing flames.
The large abomination disappears in a puff of smoke! x2
You hear a shout! x8
A destroyer comes into view. It is wielding a +9 heavy great sword.
You have mastered Stealth!
You have mastered Evocations!
You need to enable at least one skill for training.
Your Spellcasting skill gained 11 levels and is now at level 11!
The bag of meat attacks as you move away!
The bag of meat hits you with a +9 war axe!!
* * * LOW HITPOINT WARNING * * *
A meat berserker comes into view. It is wielding a +9 battleaxe.
The meat beast appears out of thin air!
A meat beast comes into view.
The meat berserker appears out of thin air!
A meat berserker comes into view. It is wielding a +9 battleaxe.
The meat berserker shouts!
The meat berserker rages.
You hear a shout! x5
The bag of meat is engulfed in blazing flames. x3
You hear a shout!
The accursed hits you!
* * * LOW HITPOINT WARNING * * *
You hear a shout! x2
A meat berserker comes into view. It is wielding a +9 battleaxe.
You hear a shout! x3
The destroyer shouts!
You hit the accursed.
You slaughter the accursed joyfully.
You destroy the accursed!
Makhleb accepts your kill.
You slice the bag of meat!! You chop the bag of meat into pieces.
You kill the bag of meat!
Makhleb accepts your kill.
You feel better.
You feel extremely nervous for a moment...
Your body is wracked with pain!
* * * LOW HITPOINT WARNING * * *
You hear a shout!
The tyrant waves its bony arms in wide circles.
The air twists around and strikes you!!!
You die...

#################
#.§...§..).o...)####
...X§.XL...o..o....####
...§X##X##o#####......##
......Xo°oo.............
##..XXO##§##.....O......
...O..o...@........o....
..V.OOWo.#.#...)...#o...
...............).####...
....o.....2....).)......
#..V..........)V)).o.o..
..O...O....)))).......
...........).))......o
#.......#.))........
#.......#.).........


You could see a tentacled monstrosity (summoned), a meat beast (fast), a tyrant
(fast), 2 destroyers, a large bag of meat (inner flame), 3 large abominations, a
dread, 6 meat berserkers and 5 bags of meat.

Vanquished Creatures
  A royal mummy (D)
  7 vampire knights (D)
  17 ogres (D)
  A two-headed ogre (D)
  38 orcs (D)
  A skeletal warrior (D)
65 creatures vanquished.

Notes
Turn   | Place    | Note
-------+----------+-------------------------------------------
     0 | D        | Found the +∞ Axe of Woe
     0 | D        | boopmooplesden the Minotaur Berserker began the quest for
                  | the Orb.
     0 | D        | Reached XP level 1. HP: 19/19 MP: 0/0
     2 | D        | Noticed a bag of meat
     2 | D        | Noticed a bag of meat
     3 | D        | Noticed a bag of meat
     4 | D        | Fell from the grace of Trog
     4 | D        | Became a worshipper of Makhleb the Destroyer
     5 | D        | Noticed a bag of meat
     6 | D        | Noticed a bag of meat
     6 | D        | Noticed a bag of meat
     6 | D        | Noticed a meat berserker
     7 | D        | Noticed a meat berserker
     7 | D        | Killed a bag of meat
     7 | D        | Killed a meat berserker
     7 | D        | Reached * piety under Makhleb
     7 | D        | Noticed a meat berserker
     8 | D        | Reached XP level 2. HP: 62/62 MP: 1/1
     8 | D        | Reached XP level 3. HP: 70/70 MP: 2/2
     8 | D        | Reached XP level 4. HP: 78/78 MP: 3/3
     8 | D        | Reached XP level 5. HP: 85/85 MP: 4/4
     8 | D        | Reached XP level 6. HP: 94/94 MP: 5/5
     8 | D        | Reached XP level 7. HP: 101/101 MP: 6/6
     8 | D        | Reached XP level 8. HP: 110/110 MP: 7/7
     8 | D        | Reached XP level 9. HP: 117/117 MP: 8/8
     8 | D        | Reached XP level 10. HP: 125/125 MP: 9/9
     8 | D        | Reached XP level 11. HP: 133/133 MP: 10/10
     8 | D        | Reached XP level 12. HP: 141/141 MP: 11/11
     8 | D        | Noticed a bag of meat
     8 | D        | Noticed a bag of meat
     9 | D        | Killed a bag of meat
    10 | D        | Reached XP level 13. HP: 152/152 MP: 12/12
    11 | D        | Killed a meat berserker
    12 | D        | Reached skill level 27 in Fighting
    12 | D        | Reached skill level 27 in Axes
    12 | D        | Killed a bag of meat
    12 | D        | Reached ** piety under Makhleb
    12 | D        | Killed a bag of meat
    12 | D        | Noticed a meat berserker
    12 | D        | Noticed a meat berserker
    13 | D        | Reached XP level 14. HP: 168/168 MP: 13/13
    13 | D        | Killed a bag of meat
    13 | D        | Killed a bag of meat
    13 | D        | Reached *** piety under Makhleb
    13 | D        | Killed a bag of meat
    13 | D        | Noticed a bag of meat
    13 | D        | Noticed a meat berserker
    13 | D        | Noticed a bag of meat
    14 | D        | Reached XP level 15. HP: 174/174 MP: 14/14
    14 | D        | Noticed a meat berserker
    17 | D        | Killed a meat berserker
    17 | D        | Reached **** piety under Makhleb
    17 | D        | Killed a meat berserker
    18 | D        | Reached skill level 27 in Armour
    18 | D        | Reached skill level 27 in Dodging
    18 | D        | Reached XP level 16. HP: 183/183 MP: 15/15
    18 | D        | Noticed a meat berserker
    18 | D        | Noticed a destroyer
    19 | D        | Killed a destroyer
    20 | D        | Killed a meat berserker
    20 | D        | Noticed a meat berserker
    21 | D        | Reached skill level 10 in Long Blades
    21 | D        | Reached skill level 10 in Maces & Flails
    21 | D        | Reached skill level 10 in Polearms
    21 | D        | Reached ***** piety under Makhleb
    21 | D        | Killed a meat berserker
    22 | D        | Reached skill level 10 in Ranged Weapons
    22 | D        | Reached skill level 10 in Unarmed Combat
    22 | D        | Reached XP level 17. HP: 191/191 MP: 15/23
    24 | D        | Reached skill level 10 in Throwing
    24 | D        | Reached skill level 10 in Invocations
    24 | D        | Killed a meat berserker
    24 | D        | Reached ****** piety under Makhleb
    25 | D        | Reached skill level 15 in Long Blades
    25 | D        | Reached skill level 15 in Maces & Flails
    25 | D        | Reached skill level 15 in Polearms
    25 | D        | Reached XP level 18. HP: 200/200 MP: 15/26
    25 | D        | Noticed a destroyer
    25 | D        | Noticed a meat berserker
    26 | D        | Reached skill level 15 in Short Blades
    26 | D        | Reached skill level 15 in Staves
    26 | D        | Reached skill level 15 in Shields
    26 | D        | Killed a meat berserker
    26 | D        | Killed a meat berserker
    26 | D        | Noticed a destroyer
    27 | D        | Reached skill level 15 in Ranged Weapons
    27 | D        | Reached skill level 15 in Unarmed Combat
    28 | D        | Reached skill level 15 in Throwing
    28 | D        | Reached skill level 15 in Invocations
    28 | D        | Reached XP level 19. HP: 207/207 MP: 16/29
    28 | D        | Noticed a meat berserker
    28 | D        | Noticed a meat berserker
    29 | D        | Noticed a meat berserker
    29 | D        | Noticed a destroyer
    30 | D        | Killed a destroyer
    30 | D        | Killed a meat berserker
    30 | D        | Killed a destroyer
    30 | D        | Noticed a meat berserker
    30 | D        | Noticed a meat berserker
    31 | D        | Reached XP level 20. HP: 216/216 MP: 16/32
    31 | D        | Noticed a meat berserker
    32 | D        | Killed a meat berserker
    34 | D        | Noticed a destroyer
    35 | D        | Killed a destroyer
    35 | D        | Noticed a large bag of meat
    35 | D        | Noticed a destroyer
    36 | D        | Reached XP level 21. HP: 224/224 MP: 17/34
    38 | D        | Reached skill level 27 in Long Blades
    38 | D        | Reached skill level 27 in Maces & Flails
    38 | D        | Reached skill level 27 in Polearms
    38 | D        | Reached XP level 22. HP: 233/233 MP: 17/36
    39 | D        | Reached skill level 27 in Shields
    40 | D        | Killed a destroyer
    41 | D        | Reached skill level 27 in Short Blades
    41 | D        | Reached skill level 27 in Staves
    42 | D        | Noticed a destroyer
    42 | D        | Noticed a destroyer
    48 | D        | Killed a destroyer
    49 | D        | Reached skill level 27 in Ranged Weapons
    49 | D        | Reached skill level 27 in Unarmed Combat
    49 | D        | Noticed a tyrant
    53 | D        | Killed a destroyer
    54 | D        | Reached XP level 23. HP: 240/240 MP: 21/39
    55 | D        | Noticed a large bag of meat
    57 | D        | Reached skill level 27 in Throwing
    57 | D        | Reached skill level 27 in Invocations
    57 | D        | Noticed a destroyer
    57 | D        | Noticed a destroyer
    59 | D        | Noticed an accursed
    60 | D        | Killed a large bag of meat
    60 | D        | Noticed a destroyer
    61 | D        | Reached skill level 27 in Stealth
    61 | D        | Reached skill level 27 in Evocations
    61 | D        | Noticed a dread
    62 | D        | Noticed a meat beast
    62 | D        | Killed an accursed
    62 | D        | Killed from afar by a tyrant

Illustrated notes

Levels and vault maps discovered:
D:        meatsprint

Skill      XL: |  1  2  3  4  5  6  7  8  9 10 11 12 13 14 15 16 17 18 19 20 21 22 23 |
---------------+----------------------------------------------------------------------+-----
Fighting       | 23 24 27 | 27.0
Axes           | 24 25 27 | 27.0
Armour         | 13 14 20 25 27 | 27.0
Dodging        | 11 12 18 22 27 | 27.0
Short Blades   | 11 14 17 20 23 25 27 | 27.0
Long Blades    | 12 15 18 22 25 27 | 27.0
Maces & Flails | 12 15 18 22 25 27 | 27.0
Polearms       | 12 15 18 22 25 27 | 27.0
Staves         | 11 14 17 21 23 25 27 | 27.0
Ranged Weapons | 10 13 16 19 22 24 27 | 27.0
Throwing       | 9 12 15 18 20 22 26 27 | 27.0
Stealth        | 8 11 13 16 19 20 24 27 | 27.0
Shields        | 11 14 17 21 23 25 27 | 27.0
Unarmed Combat | 10 13 16 19 22 24 27 | 27.0
Invocations    | 9 12 15 18 20 22 26 27 | 27.0
Evocations     | 8 11 13 16 19 20 24 27 | 27.0
Spellcasting   | 11 | 11.1

Action                     |  1- 3 |  4- 6 |  7- 9 | 10-12 | 13-15 | 16-18 | 19-21 | 22-24 || total
---------------------------+-------+-------+-------+-------+-------+-------+-------+-------++-------
  Melee: Executioner's axe |     1 |       |       |     1 |     4 |     8 |     7 |     8 ||    29
    Use: Scroll            |       |       |       |       |       |       |       |     1 ||     1
